 Dungeon Crawl Stone Soup version 0.24-a0-181-gd121a6d (webtiles) character file.

Game seed: 7191920797478221295

151 tbh1313 the Firebug (level 5, -2/28 HPs)
             Began as a Deep Elf Fire Elementalist on Mar 14, 2019.
             Killed by nerve-wracking pain
             ... invoked by Grinder
              (13 damage)
             ... on level 3 of the Dungeon.
             The game lasted 00:08:35 (3463 turns).

tbh1313 the Firebug (Deep Elf Fire Elementalist)    Turns: 3463, Time: 00:08:36

Health: -2/28      AC:  3    Str:  6    XL:     5   Next: 11%
Magic:  5/11       EV: 13    Int: 20    God:
Gold:   59         SH:  0    Dex: 15    Spells: 2/10 levels left

rFire    . . .     SeeInvis .   n - +8 club
rCold    . . .     Gourm    .   (no shield)
rNeg     . . .     Faith    .   a - +0 robe
rPois    .         Spirit   .   h - +0 helmet
rElec    .         Reflect  .   (no cloak)
rCorr    +         Harm     .   (no gloves)
MR       .....                  (no boots)
Stlth    ++........             (no amulet)
HPRegen  0.09/turn              e - ring of resist corrosion
MPRegen  0.12/turn              (no ring)

@: no status effects
A: no striking features
a: no special abilities


You were on level 3 of the Dungeon.
You were not hungry.

You visited 1 branch of the dungeon, and saw 3 of its levels.

You collected 59 gold pieces.

Inventory:

Hand Weapons
 d - a +0 whip of venom
 i - a +0 dagger
 n - a +8 club (weapon)
Armour
 a - a +0 robe (worn)
 h - a +0 helmet (worn)
Jewellery
 e - a ring of resist corrosion (left hand)
Scrolls
 b - a scroll of teleportation
Potions
 f - a potion of curing {unknown}
 g - a potion of flight {unknown}
 j - a potion of lignification {unknown}
 k - a potion of invisibility {unknown}
 l - 2 potions of ambrosia {unknown}
 m - a potion of brilliance {unknown}
Comestibles
 c - 3 rations
 o - a chunk of flesh


   Skills:
 - Level 2.4 Dodging
 - Level 2.4 Stealth
 - Level 3.0 Spellcasting
 * Level 4.5 Conjurations
 + Level 4.5 Fire Magic


You had 2 spell levels left.
You knew the following spells:

 Your Spells              Type           Power        Failure   Level  Hunger
a - Flame Tongue          Conj/Fire      ###..        2%          1    None
b - Conjure Flame         Conj/Fire      ###.....     7%          3    ###....
c - Sticky Flame          Conj/Fire      ###.....     22%         4    ####...

Your spell library contained the following spells:

 Spells                   Type           Power        Failure   Level  Hunger
 Throw Flame              Conj/Fire      ###...       3%          2    ##.....
 Inner Flame              Hex/Fire       ##......     17%         3    ###....
 Fireball                 Conj/Fire      ###.......   52%         5    ######.


Dungeon Overview and Level Annotations

Branches:
Dungeon (3/15)

Altars:

Annotations:
D:3 Grinder


Message History

Confirm with . or Enter, or press ? or * to list all spells.
Aiming: Sticky Flame (slightly dangerous; 22% risk of failure)
Press: ? - help, Shift-Dir - straight line, f/p - Grinder
Aim: Grinder, carrying a wand of flame (18) (moderately wounded, unusually strong)
The sticky flame hits Grinder.
Grinder is moderately wounded.
Grinder is covered in liquid flames!
Grinder burns!
Grinder gestures at you. You resist with significant effort.
Casting: Sticky Flame (slightly dangerous; 22% risk of failure)
Confirm with . or Enter, or press ? or * to list all spells.
Aiming: Flame Tongue (safe; 2% risk of failure)
Press: ? - help, Shift-Dir - straight line, f/p - Grinder
Aim: Grinder, carrying a wand of flame (18) (heavily wounded, unusually strong, covered in liquid flames)
The flame tongue hits Grinder but does no damage.
Grinder is heavily wounded.
Grinder burns!
Grinder gestures at you. Pain shoots through your body!
You die...

#.....#
#.....#
#.....#
##....#
##.#.#
#.#.####
#......#
###5##......
#@# ##..>
#.# # #.#
#.# .#. . #
. #.


You could see Grinder (burning).

Levels and vault maps discovered:
D:1:      dpeg_arrival_rooms_b, layout_basic
D:2:      layout_loops_corners, first_ration
D:3:      layout_loops_ring, uniq_jessica, uniq_robin, uniq_grinder

Notes
Turn   | Place    | Note
-------+----------+-------------------------------------------
     0 | D:1      | tbh1313 the Deep Elf Fire Elementalist began the quest for
                  | the Orb.
     0 | D:1      | Reached XP level 1. HP: 10/10 MP: 6/6
   409 | D:1      | Reached XP level 2. HP: 15/15 MP: 5/8
  1483 | D:2      | Reached XP level 3. HP: 19/19 MP: 6/9
  1679 | D:2      | Learned a level 3 spell: Conjure Flame
  1935 | D:2      | Reached XP level 4. HP: 20/24 MP: 7/10
  1941 | D:2      | Learned a level 4 spell: Sticky Flame
  2547 | D:3      | Noticed Robin
  2982 | D:2      | Killed Robin
  2982 | D:2      | Reached XP level 5. HP: 12/28 MP: 0/11
  3456 | D:3      | Noticed Grinder
  3463 | D:3      | Killed from afar by Grinder

Table legend:
 A = Turns spent in this place as a percentage of turns spent in the entire game.
 B = Non-inter-level travel turns spent in this place as a percentage of non-inter-level travel turns spent in the entire game.
 C = Inter-level travel turns spent in this place as a percentage of turns spent in this place.
 D = Turns resting spent in this place as a percentage of non-inter-level travel turns spent in this place.
 E = Turns spent auto-exploring this place as a percentage of non-inter-level travel turns spent in this place.
 F = Non-inter-level travel turns spent in this place divided by the number of levels of this place that you've seen.
                   A       B       C       D       E      F
               +-------+-------+-------+-------+-------+----------------------
         Total | 100.0 | 100.0 |   1.8 |  38.3 |  49.0 | 1133.7
       Dungeon | 100.0 | 100.0 |   1.8 |  38.3 |  49.0 | 1133.7
               +-------+-------+-------+-------+-------+----------------------

Table legend:
 A = Kills in this place as a percentage of kills in entire the game.
 B = Kills by you in this place as a percentage of kills by you in the entire game.
 C = Kills by friends in this place as a percentage of kills by friends in the entire game.
 D = Other kills in this place as a percentage of other kills in the entire game.
 E = Experience gained in this place as a percentage of experience gained in the entire game.
 F = Experience gained in this place divided by the number of levels of this place that you have seen.
                   A       B       C       D       E      F
               +-------+-------+-------+-------+-------+----------------------
         Total | 100.0 | 100.0 |   N/A |   N/A | 100.0 |  72.3
       Dungeon | 100.0 | 100.0 |   N/A |   N/A | 100.0 |  72.3
               +-------+-------+-------+-------+-------+----------------------

Action                   |  1- 3 |  4- 6 || total
-------------------------+-------+-------++-------
Melee: Whip              |    15 |     5 ||    20
       Unarmed           |     1 |       ||     1
       Club              |       |    10 ||    10
 Cast: Flame Tongue      |    73 |    59 ||   132
       Conjure Flame     |       |     2 ||     2
       Sticky Flame      |       |     1 ||     1
  Use: Scroll            |     2 |       ||     2
 Stab: Sleeping          |       |     1 ||     1
       Distracted        |       |     1 ||     1
  Eat: Chunk             |     3 |     5 ||     8
Armor: Robe              |    14 |     7 ||    21
Dodge: Dodged            |    41 |    21 ||    62

Vanquished Creatures
  Robin (D:2)
  5 adders
  3 oozes
  A worm (D:2)
  2 dart slugs (D:2)
  2 leopard geckos
  3 ball pythons
  3 giant cockroaches (D:2)
  9 goblins
  8 hobgoblins
  8 jackals
  4 kobolds
  2 quokkas (D:2)
  9 bats
  6 frilled lizards
  4 rats
70 creatures vanquished.
